 Dungeon Crawl Stone Soup version 0.28.0-49-g6dfe1f597d (webtiles) character file.

Game seed: 1695443427092132220

89 theskeleton the Chiller (level 4, -6/31 HPs)
             Began as a Merfolk Ice Elementalist on May 6, 2022.
             Mangled by Sigmund
             ... wielding a +0 scythe
              (10 damage)
             ... on level 2 of the Dungeon on May 12, 2022.
             The game lasted 00:19:47 (1900 turns).

theskeleton the Chiller (Merfolk Ice Elementalist)  Turns: 1900, Time: 00:19:48

Health: -6/31      AC:  3    Str:  8    XL:     4   Next: 55%
Magic:  5/8        EV: 12    Int: 16    God:
Gold:   76         SH:  0    Dex: 14    Spells: 4/8 levels left

rFire   . . .      SeeInvis .   j - +0 short sword
rCold   . . .      Faith    .   (no shield)
rNeg    . . .      Spirit   .   m - +0 leather armour
rPois   .          Reflect  .   (no helmet)
rElec   .          Harm     .   (no cloak)
rCorr   .          Rampage  .   (no gloves)
Will    .....                   (no boots)
Stlth   ++........              (no amulet)
HPRegen 0.10/turn               (no ring)
MPRegen 0.11/turn               (no ring)

@: no status effects
A: (nimble swimmer 2), mertail
a: no special abilities


You were on level 2 of the Dungeon.
You visited 1 branch of the dungeon, and saw 2 of its levels.

You collected 76 gold pieces.

Inventory:

Hand Weapons
 c - a +0 dagger
 e - a +0 dagger
 i - a +0 club
 j - a +0 short sword (weapon)
Missiles
 b - 61 stones
 g - 15 bolts
 p - a throwing net
Armour
 a - a +0 robe
 m - a +0 leather armour (worn)
Wands
 n - a wand of charming (10)
Scrolls
 d - a scroll of enchant armour {unknown}
 h - a scroll of teleportation {unknown}
 k - 3 scrolls of silence {unknown}
 l - 3 scrolls of identify {unknown}
 r - a scroll of fear {unknown}
Potions
 f - a potion of attraction {unknown}
 o - a potion of resistance {unknown}
 q - a potion of flight {unknown}
 s - a potion of invisibility {unknown}
 t - a potion of haste {unknown}


   Skills:
 + Level 0.4 Fighting
 + Level 0.8 Short Blades
 + Level 0.1 Armour
 + Level 3.0 Dodging
 + Level 2.6 Stealth
 * Level 2.8 Spellcasting
 * Level 5.3 Ice Magic


You had 4 spell levels left.
You knew the following spells:

 Your Spells              Type           Power      Damage    Failure   Level
a - Freeze                Ice            76%        1d9       3%          1
b - Frozen Ramparts       Ice            38%        1d5       10%         3

Your spell library contained the following spells:

 Spells                   Type           Power      Damage    Failure   Level
 Ozocubu's Armour         Ice            19%        N/A       10%         3
 Foxfire                  Conj/Fire      8%         2x1d4     28%         1
 Sublimation of Blood     Necr           2%         N/A       38%         2
 Conjure Flame            Conj/Fire      2%         6-21      63%         3
 Inner Flame              Hex/Fire       2%         N/A       63%         3
 Hailstorm                Conj/Ice       10%        3d5       67%         4
 Flame Wave               Conj/Fire      2%         2d4       95%         4
 Petrify                  Tmut/Erth      2%         N/A       95%         4
 Irradiate                Conj/Tmut      1%         3d13      100%        5


Dungeon Overview and Level Annotations

Branches:
Dungeon (2/15)

Altars:

Annotations:
D:2 Sigmund


Innate Abilities, Weirdness & Mutations

((You are very nimble when in or above water. (Stealth+, EV+, Speed+++)))
Your lower body shifts to a powerful aquatic tail in water.


Message History

Sigmund flickers and vanishes!
Deactivating autopickup; reactivate with Ctrl-A.
The kobold throws a stone.
The stone closely misses you.
The kobold throws a stone.
The stone barely misses you.
A kobold comes into view. It is wielding a +0 dagger.
The kobold shouts!
The hobgoblin hits you but does no damage.
The kobold moves out of view.
Aiming: Freeze (safe; 3% risk of failure)
Press: ? - help, Q - select action, (/) - cycle Shift-Dir - straight line, f - hobgoblin
Aim: a hobgoblin You freeze the hobgoblin.
The hobgoblin is heavily wounded.
The hobgoblin misses you.
The kobold throws a stone.
The stone hits you but does no damage. The hobgoblin hits you.
Casting: Freeze (safe; 3% risk of failure)
Confirm with . or Enter, or press ? or * to list all spells.
The spell is quite dangerous to miscast (10% risk of failure)!
Continue anyway?
Casting: Frozen Ramparts (quite dangerous; 10% risk of failure)
Press: ? - help, Dir - look around, f - activate The walls around you are covered in ice.
The wall freezes something.
Something hits you.
The wall freezes the hobgoblin.
You kill the hobgoblin!
The wall freezes the kobold.
You kill the kobold!
Hit: j) +0 short sword
Press: ? - help, Dir - move target You swing at nothing.
The wall freezes the kobold.
You kill the kobold!
The wall freezes something.
Something hits you.
Hit: j) +0 short sword
Press: ? - help, Dir - move target You swing at nothing.
The frozen ramparts melt away as you move.
Something hits you!
You hit something. Something hits you!
* * * LOW HITPOINT WARNING * * *
You hit something. Something hits you!
You die...

...#.# ....
#.#.## #....#
.... #.#..#
###### .)...
#....# .....
##...# ......
#.#.#
......##.#...###
......)..##....#
#..
#######.)......#
..# #@##.....#
#.. #........#
#.. #####....#
#.# ..... #..
.... ##.
....#######.
........
#######.
##.......


There were no monsters in sight!

Vanquished Creatures
  Jessica (D:2)
  An adder (D:2)
  A dart slug (D:1)
  2 ball pythons (D:1)
  5 bats
  5 endoplasms (D:1)
  A giant cockroach (D:1)
  4 goblins
  6 hobgoblins
  A jackal (D:2)
  8 kobolds
  3 quokkas
  6 frilled lizards
  5 rats
49 creatures vanquished.

Vanquished Creatures (others)
  A plant (D:2)
1 creature vanquished.

Grand Total: 50 creatures vanquished

Notes
Turn   | Place    | Note
-------+----------+-------------------------------------------
     0 | D:1      | theskeleton the Merfolk Ice Elementalist began the quest
                  | for the Orb.
     0 | D:1      | Reached XP level 1. HP: 13/13 MP: 3/3
   129 | D:1      | Reached XP level 2. HP: 19/19 MP: 3/5
   410 | D:1      | Reached skill level 5 in Ice Magic
   537 | D:1      | Reached XP level 3. HP: 19/24 MP: 1/6
   594 | D:1      | Learned a level 3 spell: Frozen Ramparts
  1315 | D:2      | Upgraded the game from 0.28.0-47-ge53b351184 to
                  | 0.28.0-49-g6dfe1f597d
  1656 | D:2      | Reached XP level 4. HP: 31/31 MP: 5/7
  1793 | D:2      | Noticed Jessica
  1816 | D:2      | Killed Jessica
  1886 | D:2      | Noticed Sigmund
  1900 | D:2      | Mangled by Sigmund

Illustrated notes

Levels and vault maps discovered:
D:1:      scummos_arrival_forest, layout_loops_cross, serial_glass,
          glass_columns_a, glass_columns_a
D:2:      layout_basic, minmay_misc_feat_enclosed, serial_bayou_pond_d,
          minmay_pentomino_s4, uniq_jessica, uniq_sigmund

Skill      XL: |  1  2  3 |
---------------+----------+-----
Ice Magic      | 5 |  5.3
Dodging        | 3 |  3.0
Fighting       | |  0.4
Short Blades   | |  0.8
Armour         | |  0.1
Stealth        | |  2.6
Spellcasting   | |  2.8

Action                   |  1- 3 |  4- 6 || total
-------------------------+-------+-------++-------
Melee: Unarmed           |    12 |       ||    12
       Dagger            |    19 |       ||    19
       Punch             |     3 |       ||     3
       Short sword       |    20 |     2 ||    22
 Cast: Freeze            |    39 |     7 ||    46
       Frozen Ramparts   |     3 |     1 ||     4
 Stab: Sleeping          |     4 |       ||     4
Armor: Robe              |    15 |       ||    15
       Leather armour    |     2 |     2 ||     4
Dodge: Dodged            |    68 |     5 ||    73
